 Dungeon Sprint DCSS version 0.30.1-11-g7821555f0a (webtiles) character file.

Game seed: 14641317494213606254

330 Heoruswealwe the Spear-Bearer (level 6, 0/62 HPs)
             Began as a Minotaur Fighter on Nov 5, 2023.
             Was an Initiate of Gozag.
             Slain by a gnoll sergeant
             ... wielding a +0 trident
              (6 damage)
             ... in the Dungeon (Sprint IX: "|||||||||||||||||||||||||||||").
             The game lasted 00:01:34 (137 turns).

Heoruswealwe the Spear-Bearer (Minotaur Fighter)     Turns: 137, Time: 00:01:34

Health: 0/62       AC:  8    Str: 22    XL:     6   Next: 26%
Magic:  5/5        EV:  9    Int:  5    God:    Gozag
Gold:   0          SH:  4    Dex: 10    Spells: 5/5 levels left

rFire   . . .        a - +0 trident
rCold   . . .        d - +0 buckler
rNeg    . . .        c - +0 scale mail
rPois   .            (helmet restricted)
rElec   .            (no cloak)
rCorr   .            (no gloves)
SInv    .            (no boots)
Will    .....        (no amulet) Stlth
                     (no ring)
HPRegen 0.30/turn    (no ring)
MPRegen 0.09/turn

%: no teleportation
@: gold aura
A: horns 2, retaliatory headbutt
a: Renounce Religion, Potion Petition, Call Merchant, Bribe Branch


You were in the Dungeon.
You worshipped Gozag.
Gozag was noncommittal.
You visited 1 branch

Inventory:

Hand Weapons
 a - a +0 trident (weapon)
Armour
 c - a +0 scale mail (worn)
 d - a +0 buckler (worn)
Jewellery
 l - a +3 ring of strength
 m - a +3 ring of dexterity
Wands
 k - a wand of iceblast (10)
Scrolls
 j - 2 scrolls of blinking
Potions
 b - a potion of might
 e - 5 potions of curing
 f - 3 potions of heal wounds
 g - a potion of haste
 h - 2 potions of magic
 i - a potion of berserk rage


   Skills:
 + Level 8.8 Fighting
 * Level 11.4 Polearms
 + Level 8.8 Armour
 - Level 3.6 Shields


You had 5 spell levels left.
You didn't know any spells.
Your spell library was empty.

Dungeon Overview and Level Annotations

Branches:
Dungeon (1/1)

Altars:
Cheibriados
Dithmenos
Elyvilon
Fedhas
Gozag
Hepliaklqana
Kikubaaqudgha
Makhleb
Nemelex Xobeh
Okawaru
Qazlal
Ru
Sif Muna
Trog
Uskayaw
Vehumet
Wu Jian
Xom
Yredelemnul
Zin
The Shining One
Jiyva
Lugonu


Innate Abilities, Weirdness & Mutations

You have a pair of horns on your head.
You reflexively headbutt those who attack you in melee.


Message History

The yak is heavily wounded.
The yak barely misses you. You furiously retaliate!
You headbutt the yak. You puncture the yak!
The yak is severely wounded.
The yak barely misses you. You furiously retaliate!
You headbutt the yak. You puncture the yak!
You kill the yak!
Your Fighting skill increases to level 8!
Your Polearms skill gained 2 levels and is now at level 11!
Your Armour skill increases to level 8!
You have reached level 6!
You closely miss something. Something hits you but does no damage.
The gnoll sergeant barely misses you.
The wyvern is distracted by your dazzling golden aura.
You barely miss something. You closely miss something.
The wyvern hisses angrily.
Your headbutt misses something.
The gnoll sergeant hits you but does no damage.
Something hits you but does no damage.
You closely miss something. Your headbutt misses something.
The gnoll sergeant hits you from afar with a +0 trident.
* * * LOW HITPOINT WARNING * * *
Something hits you but does no damage.
You miss something.
You hear some strange, mumbled words.
A puff of flame appears from out of thin air!
The puff of flame hits you!
* * * LOW HITPOINT WARNING * * *
The gnoll sergeant barely misses you.
You barely miss something. Your headbutt misses something.
Unknown command.
You closely miss something. Your headbutt misses something.
The wyvern is no longer distracted by gold.
The gnoll sergeant barely misses you. Something hits you but does no damage.
You closely miss something. Your headbutt misses something.
The wyvern is distracted by your dazzling golden aura.
The gnoll sergeant hits you from afar with a +0 trident.
You die...
Your body crumbles into a pile of gold. $$$$$ $$$$$ $ $ $ $$$$$ $ $ ▓▓▓▓▓▓▓▓▓▓▓▓▓▓▓▓▓▓▓▓▓▓▓▓ ______'!?).[[[..@{gl...+ ▓▓▓▓▓▓▓▓▓▓▓▓▓▓▓▓▓▓▓▓▓▓▓▓

You could see a wyvern (unaware) and a gnoll sergeant.

Vanquished Creatures
  A yak (D)
  A centaur (D)
  2 iguanas (D)
  An orc wizard (D)
  An adder (D)
  An ufetubus (D)
  A ball python (D)
  A bat (D)
  A giant cockroach (D)
  A jackal (D)
  2 kobolds (D)
13 creatures vanquished.

Notes
Turn   | Place    | Note
-------+----------+-------------------------------------------
     0 | D        | Heoruswealwe the Minotaur Fighter began the quest for the
                  | Orb.
     0 | D        | Reached XP level 1. HP: 19/19 MP: 0/0
    14 | D        | Reached skill level 3 in Polearms
    39 | D        | Noticed an iguana
    39 | D        | Noticed an iguana
    43 | D        | Reached skill level 4 in Polearms
    43 | D        | Reached XP level 2. HP: 26/28 MP: 1/1
    51 | D        | Reached skill level 5 in Fighting
    51 | D        | Reached skill level 6 in Polearms
    51 | D        | Reached skill level 5 in Armour
    51 | D        | Reached XP level 3. HP: 24/36 MP: 2/2
    60 | D        | Reached skill level 7 in Polearms
    60 | D        | Reached XP level 4. HP: 24/44 MP: 3/3
    69 | D        | Found a snail-covered altar of Cheibriados.
    69 | D        | Found a shadowy altar of Dithmenos.
    69 | D        | Found a white marble altar of Elyvilon.
    69 | D        | Found a blossoming altar of Fedhas.
    69 | D        | Found an opulent altar of Gozag.
    70 | D        | Found a hazy altar of Hepliaklqana.
    71 | D        | Found a viscous altar of Jiyva.
    72 | D        | Found an ancient bone altar of Kikubaaqudgha.
    73 | D        | Found a corrupted altar of Lugonu.
    74 | D        | Found a burning altar of Makhleb.
    75 | D        | Found a sparkling altar of Nemelex Xobeh.
    76 | D        | Found an iron altar of Okawaru.
    77 | D        | Became a worshipper of Gozag Ym Sagoz the Greedy
    78 | D        | Found a stormy altar of Qazlal.
    79 | D        | Found a sacrificial altar of Ru.
    80 | D        | Found a shimmering blue altar of Sif Muna.
    81 | D        | Found a bloodstained altar of Trog.
    82 | D        | Found a hide-covered altar of Uskayaw.
    83 | D        | Found a radiant altar of Vehumet.
    84 | D        | Found an ornate altar of the Wu Jian Council.
    85 | D        | Found a shimmering altar of Xom.
    86 | D        | Found a basalt altar of Yredelemnul.
    87 | D        | Found a glowing silver altar of Zin.
    88 | D        | Found a glowing golden altar of the Shining One.
   112 | D        | Noticed a centaur
   112 | D        | Noticed a yak
   112 | D        | Noticed a gnoll sergeant
   112 | D        | Noticed a wyvern
   122 | D        | Killed a centaur
   123 | D        | Reached skill level 9 in Polearms
   123 | D        | Reached XP level 5. HP: 25/52 MP: 4/4
   129 | D        | Killed a yak
   130 | D        | Reached skill level 11 in Polearms
   130 | D        | Reached XP level 6. HP: 17/62 MP: 5/5
   137 | D        | Slain by a gnoll sergeant

Illustrated notes

Levels and vault maps discovered:
D:        linesprint [early_d, line_temple, items_1, d_10, items_2, lair_1,
          lair_end, items_3, orc_1, orc_end, items_4, d_15, swamp_1, shoals_1,
          snake_1, spider_1, d_20, vaults_1, items_5, swamp_end, shoals_end,
          snake_end, spider_end, vaults_end, d_27, items_6, zot_1, zot_end,
          crypt_end, forest_end, elf_end, slime_end, tomb_end, abyss_end,
          pan_hell_end]

Skill      XL: |  1  2  3  4  5 |
---------------+----------------+-----
Polearms       | 4 6 7 9 11 | 11.4
Fighting       | 4 5 7 8 |  8.8
Armour         | 4 5 6 7 8 |  8.8
Shields        | |  3.6

Action                     |  1- 3 |  4- 6 || total
---------------------------+-------+-------++-------
  Melee: Trident           |    27 |    27 ||    54
         Headbutt          |     4 |     4 ||     8
 Armour: Scale mail        |     8 |    12 ||    20
  Dodge: Dodged            |    12 |    13 ||    25
  Block: Buckler           |     6 |     1 ||     7
